 Dungeon Crawl Stone Soup version 0.19.5 (webtiles) character file.

10966 ghjk the Severer (level 11, -9/96 (97) HPs)
             Began as a Minotaur Fighter on Apr 19, 2017.
             Was a High Priest of Okawaru.
             Killed from afar by Harold (23 damage)
             ... with a bolt of fire
             ... on level 11 of the Dungeon.
             The game lasted 00:17:53 (9159 turns).

ghjk the Severer (Minotaur Fighter)                 Turns: 9159, Time: 00:17:54

HP:   -9/96 (97)    AC: 13    Str: 25    XL:     11   Next: 43%
MP:   10/10         EV:  7    Int:  5    God:    Okawaru [*****.]
Gold: 501           SH: 10    Dex: 12    Spells: 0 memorised, 10 levels left

rFire  . . .     SeeInvis +     s - +4 war axe (freeze)
rCold  . . .     Gourm    .     b - +0 scale mail
rNeg   . . .     Faith    .     c - +0 shield
rPois  .         Spirit   .     z - +2 hat {SInv}
rElec  .         Reflect  .     e - +2 cloak
rCorr  .         Harm     .     (no gloves)
MR     .....                    (no boots)
Stlth  ..........               (no amulet)
                                A - ring of wizardry
                                y - +3 ring of dexterity

@: no status effects
A: retaliatory headbutt, horns 2
a: Heroism, Finesse, Renounce Religion


You were on level 11 of the Dungeon.
You worshipped Okawaru.
Okawaru was extremely pleased with you.
You were not hungry.

You visited 2 branches of the dungeon, and saw 12 of its levels.

You collected 501 gold pieces.

Inventory:

Hand Weapons
 a - a +1 war axe
 s - a +4 war axe of freezing (weapon)
 B - a +0 battleaxe of chopping
Armour
 b - a +0 scale mail (worn)
 c - a +0 shield (worn)
 e - a +2 cloak (worn)
 z - a +2 hat of see invisible (worn)
Jewellery
 y - a +3 ring of dexterity (left hand)
 A - a ring of wizardry (right hand)
 P - an uncursed ring of poison resistance {unknown}
Wands
 t - a wand of lightning (3/15)
 v - a wand of flame (22/48)
 w - a wand of slowing (27/48)
 G - a wand of paralysis (11/24)
 H - a wand of iceblast (7/15)
 L - a wand of digging (12/24)
Scrolls
 d - 3 scrolls of enchant weapon
 g - 3 scrolls of fog
 i - a scroll of fear {unknown}
 n - 3 scrolls of teleportation
 u - 6 scrolls of remove curse
 D - a scroll of magic mapping
 F - 2 scrolls of recharging
 J - a scroll of amnesia
 O - a scroll of enchant armour
Potions
 h - a potion of haste
 j - 2 potions of cancellation
 k - 2 potions of resistance
 m - 4 potions of cure mutation
 o - a potion of invisibility
 p - 3 potions of curing
 q - 2 potions of flight
 x - a potion of lignification
 C - 3 potions of might
 I - 3 potions of brilliance
 K - a potion of ambrosia {unknown}
Books
 l - a book of Maledictions

   Spells                             Type                      Level
   a - Corona                         Hexes                        1
   b - Ensorcelled Hibernation        Hexes/Ice                    2
   c - Confuse                        Hexes                        3
   d - Tukima's Dance                 Hexes                        3
   e - Dazzling Spray                 Conjuration/Hexes            3
 E - a book of Enchantments

   Spells                             Type                      Level
   a - Cause Fear                     Hexes                        4
   b - Yara's Violent Unravelling     Hexes/Transmutation          5
   c - Silence                        Hexes/Air                    5
   d - Deflect Missiles               Charms/Air                   6
   e - Discord                        Hexes                        8
 M - a book of Callings

   Spells                             Type                      Level
   a - Summon Small Mammal            Summoning                    1
   b - Call Imp                       Summoning                    2
   c - Call Canine Familiar           Summoning                    3
   d - Summon Guardian Golem          Hexes/Summoning              3
   e - Summon Lightning Spire         Summoning/Air                4
   f - Summon Ice Beast               Ice/Summoning                4
Comestibles
 f - 5 bread rations
 r - 5 meat rations


   Skills:
 + Level 9.3 Fighting
 * Level 16.8 Axes
 + Level 9.4 Armour
 - Level 3.6 Shields


You had 10 spell levels left.
You didn't know any spells.

Dungeon Overview and Level Annotations

Branches:
Dungeon (11/15)            Temple (1/1) D:7             Orc (0/2) D:10
   Lair: D:8-11

Altars:
Ashenzari
Cheibriados
Dithmenos
Gozag
Nemelex Xobeh
Okawaru
Trog
Xom
Zin
The Shining One
Beogh

Annotations:
D:8 Dragas's ghost, novice DrBe
D:11 Harold


Innate Abilities, Weirdness & Mutations

You reflexively headbutt those who attack you in melee.
You have a pair of horns on your head.


Message History

You slash Harold! You freeze Harold. You headbutt Harold.
Harold is heavily wounded.
Harold gestures at you while chanting. The bolt of fire hits you!
You slash Harold! You freeze Harold. Your headbutt misses Harold.
Harold is heavily wounded.
You hit Harold. You freeze Harold. You headbutt Harold, but do no damage.
Harold is severely wounded.
Harold zaps a wand.
The bolt of lightning hits you!
* * * LOW HITPOINT WARNING * * *
It is a wand of lightning.
You are too injured to fight recklessly!
You barely miss Harold. You headbutt Harold!
Harold is severely wounded.
Harold drinks a potion.
Harold is healed!
You hit Harold. You freeze Harold.
Harold is severely wounded.
Harold casts a spell at you. The bolt of fire hits you!
You die...

#.# ###†..
#######.#
#..#
#.......#
#..#
#.#.#.###
..# #.#.#.#
..# #.....#
... #.#.#.#
#..
#.#.#.######
#...@@.....#
###.#.####.#
#.#.# #.#.#
#.... ###.#
.. ##


You could see Harold.

Vanquished Creatures
  Gastronok (D:9)
  3 hill giants
  Pikel (D:8)
  An orb spider (shapeshifter) (D:11)
  Maurice (D:8)
  Psyche (D:8)
  A merfolk (D:10)
  A troll (D:10)
  Grinder (D:4)
  2 hippogriffs (D:9)
  A wraith (D:11)
  A hungry ghost (D:9)
  2 orc warriors (D:10)
  2 sky beasts
  A hornet zombie (D:5)
  A necrophage (D:5)
  3 slaves (D:8)
  7 ogres
  An eye of draining (D:8)
  2 phantoms
  5 centaurs
  2 big kobolds (D:9)
  6 bullfrogs
  5 scorpions
  4 killer bees (D:9)
  10 wights (D:7)
  7 howler monkeys
  2 electric eels (D:9)
  2 crimson imps
  A bullfrog zombie (D:5)
  A centaur zombie (D:8)
  3 jellies
  2 bullfrog skeletons
  8 orc priests
  7 hounds
  8 orc wizards
  4 centaur skeletons
  2 iguanas
  5 worker ants
  A howler monkey skeleton (D:6)
  Robin (D:4)
  12 adders
  2 shadow imps
  2 adder zombies
  An adder skeleton (D:4)
  3 worms
  A dart slug (D:3)
  7 leopard geckos
  44 orcs
  A ball python (D:1)
  10 bats
  3 giant cockroaches
  2 hobgoblins
  8 jackals
  2 quokkas
  5 frilled lizards
  15 goblins
  A jackal skeleton (D:4)
  15 kobolds
  A leopard gecko skeleton (D:8)
  A quokka skeleton (D:4)
  7 rats
263 creatures vanquished.

Vanquished Creatures (others)
  A hound (D:8)
1 creature vanquished.

Grand Total: 264 creatures vanquished

Notes
Turn   | Place    | Note
-------+----------+-------------------------------------------
     0 | D:1      | ghjk the Minotaur Fighter began the quest for the Orb.
     0 | D:1      | Reached XP level 1. HP: 19/19 MP: 0/0
    68 | D:1      | Reached XP level 2. HP: 15/27 MP: 1/1
   183 | D:1      | Reached skill level 3 in Axes
   797 | D:2      | Reached XP level 3. HP: 25/33 MP: 2/2
  1011 | D:2      | Reached skill level 4 in Axes
  1245 | D:3      | Reached XP level 4. HP: 36/40 MP: 3/3
  1281 | D:3      | Found a faded altar of an unknown god.
  1281 | D:3      | Found a faded altar of an unknown god.
  1286 | D:3      | Found a bloodstained altar of Trog.
  1288 | D:3      | Found a faded altar of an unknown god.
  1290 | D:3      | Found a faded altar of an unknown god.
  1611 | D:3      | Reached skill level 5 in Axes
  1809 | D:3      | Reached XP level 5. HP: 42/46 MP: 4/4
  1932 | D:4      | Found a shattered altar of Ashenzari.
  1990 | D:4      | Noticed a phantom
  2047 | D:4      | Killed a phantom
  2047 | D:4      | Reached skill level 6 in Axes
  2230 | D:4      | Noticed Grinder
  2246 | D:4      | Killed Grinder
  2246 | D:4      | Reached skill level 7 in Axes
  2246 | D:4      | Reached skill level 5 in Armour
  2246 | D:4      | Reached XP level 6. HP: 35/53 MP: 5/5
  2432 | D:4      | Noticed Robin
  2440 | D:4      | Killed Robin
  2452 | D:4      | Reached XP level 7. HP: 54/60 MP: 6/6
  2908 | D:5      | Entered Level 5 of the Dungeon
  2943 | D:5      | Reached skill level 5 in Fighting
  2943 | D:5      | Reached skill level 8 in Axes
  3440 | D:5      | Reached skill level 9 in Axes
  3815 | D:5      | Reached XP level 8. HP: 68/68 MP: 7/7
  4048 | D:6      | Reached skill level 10 in Axes
  4719 | D:7      | Reached skill level 11 in Axes
  4773 | D:7      | Found a staircase to the Ecumenical Temple.
  4997 | D:7      | Reached XP level 9. HP: 73/74 MP: 8/8
  4999 | D:7      | Reached skill level 12 in Axes
  5080 | D:7      | Found a shimmering altar of Xom.
  5455 | Temple   | Entered the Ecumenical Temple
  5468 | Temple   | Became a worshipper of Warmaster Okawaru
  5544 | D:8      | Noticed Pikel
  5560 | D:8      | Killed Pikel
  5560 | D:8      | Reached * piety under Okawaru
  5560 | D:8      | Reached skill level 13 in Axes
  5764 | D:8      | Noticed a hill giant
  5764 | D:8      | Noticed Dragas's ghost (novice DrBe)
  5865 | D:8      | Noticed Psyche
  5870 | D:8      | Killed Psyche
  6527 | D:8      | Noticed Maurice
  6534 | D:8      | Killed Maurice
  6534 | D:8      | Reached ** piety under Okawaru
  6534 | D:8      | Reached skill level 14 in Axes
  6561 | D:8      | Killed a hill giant
  6561 | D:8      | Reached XP level 10. HP: 85/85 MP: 7/9
  6685 | D:9      | Noticed a hill giant
  6736 | D:9      | Reached *** piety under Okawaru
  6797 | D:9      | Killed a hill giant
  6797 | D:9      | Reached skill level 15 in Axes
  7135 | D:9      | Noticed Gastronok
  7146 | D:9      | Killed Gastronok
  7146 | D:9      | Reached **** piety under Okawaru
  7282 | D:9      | Reached skill level 16 in Axes
  7398 | D:9      | Found a shadowy altar of Dithmenos.
  7484 | D:9      | Reached XP level 11. HP: 56/94 MP: 10/10
  8095 | D:10     | Entered Level 10 of the Dungeon
  8244 | D:10     | Found a staircase to the Orcish Mines.
  8253 | D:10     | Found a roughly hewn altar of Beogh.
  8570 | D:10     | Reached ***** piety under Okawaru
  8991 | D:11     | Noticed an orb spider
  8999 | D:11     | Killed an orb spider
  9002 | D:11     | Noticed a hill giant
  9011 | D:11     | Killed a hill giant
  9149 | D:11     | Noticed Harold
  9159 | D:11     | Killed from afar by Harold

Skill      XL: |  1  2  3  4  5  6  7  8  9 10 11 |
---------------+----------------------------------+-----
Axes           | 3 4 5 7 9 11 14 16 | 16.8
Armour         | 4 5 6 7 9 |  9.4
Fighting       | 4 5 6 7 8 9 |  9.3
Shields        | |  3.6

Action                   |  1- 3 |  4- 6 |  7- 9 | 10-12 || total
-------------------------+-------+-------+-------+-------++-------
Melee: War axe           |   127 |   103 |   225 |   217 ||   672
       Headbutt          |    11 |    11 |    46 |    43 ||   111
  Use: Scroll            |     6 |     3 |     9 |     6 ||    24
       Potion            |       |     2 |       |     1 ||     3
  Eat: Beef jerky        |     1 |       |     1 |     1 ||     3
       Chunk             |       |     2 |     1 |     2 ||     5
       Bread ration      |       |     1 |     1 |     2 ||     4
       Fruit             |       |       |     3 |       ||     3
       Pizza             |       |       |     1 |       ||     1
Armor: Scale mail        |    83 |    26 |    86 |    58 ||   253
Dodge: Dodged            |    52 |    23 |    41 |    35 ||   151
Block: Shield            |    67 |    35 |    84 |    87 ||   273
